 Dungeon Crawl Stone Soup version 0.22.1-1-ga44c0e5 (webtiles) character file.

219 ringo67 the Ruffian (level 5, -6/36 HPs)
             Began as an Octopode Fighter on Oct 6, 2018.
             Killed by divine providence
             ... invoked by an orc priest
              (14 damage)
             ... on level 4 of the Dungeon on Oct 19, 2018.
             The game lasted 00:06:38 (3153 turns).

ringo67 the Ruffian (Octopode Fighter)              Turns: 3153, Time: 00:06:39

Health: -6/36      AC:  1    Str: 17    XL:     5   Next: 96%
Magic:  5/5        EV: 15    Int: 12    God:
Gold:   153        SH:  0    Dex: 11    Spells: 4/4 levels left

rFire    + . .     SeeInvis .     - Unarmed
rCold    x . .     Gourm    .   (no shield)
rNeg     . . .     Faith    .   (helmet restricted)
rPois    .         Spirit   .   k - amulet of magic regeneration
rElec    .         Reflect  .   f - +2 ring of intelligence
rCorr    .         Harm     .   j - ring of fire (curse)
MR       .....                  (no ring)
Stlth    ++........             (no ring)
HPRegen  0.12/turn              (no ring)
MPRegen  0.34/turn              (no ring)
                                (no ring)
                                (no ring)

@: no status effects
A: almost no armour, stealthy swim, amphibious, 8 rings, constrict 8, camouflage
1, gelatinous body 1
a: no special abilities


You were on level 4 of the Dungeon.
You were hungry.

You visited 1 branch of the dungeon, and saw 4 of its levels.

You collected 153 gold pieces.

Inventory:

Armour
 a - a +0 shield
Jewellery
 f - a +2 ring of intelligence (left tentacle)
 j - a cursed ring of fire (right tentacle)
 k - an amulet of magic regeneration (around mantle)
Wands
 r - a wand of flame (31)
Scrolls
 d - 2 scrolls of fog {unknown}
 e - 2 scrolls of enchant armour {unknown}
 g - 4 scrolls of identify {unknown}
 h - 2 scrolls of magic mapping {unknown}
 l - 2 scrolls of remove curse {unknown}
 p - a scroll of teleportation {unknown}
 s - a scroll of blinking {unknown}
 t - 4 scrolls of random uselessness {unknown}
 u - a scroll of fear {unknown}
Potions
 b - a potion of might
 i - 3 potions of curing {unknown}
 m - a potion of resistance {unknown}
 n - a potion of brilliance {unknown}
 o - 3 potions of flight {unknown}
Comestibles
 c - 10 rations


   Skills:
 - Level 3.0 Fighting
 + Level 4.6 Dodging
 - Level 3.0 Shields
 + Level 4.7 Unarmed Combat


You had 4 spell levels left.
You didn't know any spells.
Your spell library was empty.

Dungeon Overview and Level Annotations

Branches:
Dungeon (4/15)
 Temple: D:4-7

Altars:


Innate Abilities, Weirdness & Mutations

You cannot wear most types of armour.
You are very stealthy in the water. (Stealth+)
You are amphibious.
You can wear up to eight rings at the same time.
You can use your tentacles to constrict eight enemies at once.
Your skin changes colour to match your surroundings (Stealth+).
Your rubbery body absorbs attacks. (AC +1, EV +1)


Message History

You tentacle-slap the orc priest but do no damage.
You grab the orc priest.
The orc priest is heavily wounded.
You constrict the orc priest, but do no damage.
You tentacle-slap the orc priest but do no damage.
You squeeze the orc priest.
The orc priest is heavily wounded.
You constrict the orc priest. The orc priest closely misses you.
You tentacle-slap the orc priest.
You squeeze the orc priest, but do no damage.
The orc priest is almost dead.
You constrict the orc priest.
You kill the orc priest!
The orc priest looks satisfied for a moment.
You barely miss the orc. Your grab misses the orc.
The orc hits you with a flail.
* * * LOW HITPOINT WARNING * * *
The orc priest calls down the wrath of Beogh upon you.
Beogh smites you!
You die...

#§§§≈ P#.### #.. ##.§≈ ......
###.# .P§ ....####.#....
#.####.......#.#....
#.#..........#.#....
###.#.##.......#.#....
####.#.#......<.....#.#.#....
.......#.#.#.#.####.#.#.#.#..
.......#.#.#@#.####.#.#.#.#..
.......#.#.#.#............#..
.......#.#.#o######.#.#.###..
.......#...#o#...............
.......#####.#.########.#####
#.o.o.o.# ..# ######### ###


You could see an orc priest and 2 orcs.

Vanquished Creatures
  An orc priest (D:4)
  Natasha (thrice) (D:2)
  A hound zombie (D:4)
  4 adders
  A howler monkey skeleton (D:4)
  An adder zombie (D:4)
  4 bats (D:1)
  2 giant cockroaches (D:1)
  4 goblins
  4 hobgoblins
  8 jackals
  4 kobolds
  3 ball pythons
  4 frilled lizards
  A giant cockroach zombie (D:4)
  A quokka zombie (D:4)
  12 rats
58 creatures vanquished.

Notes
Turn   | Place    | Note
-------+----------+-------------------------------------------
     0 | D:1      | ringo67 the Octopode Fighter began the quest for the Orb.
     0 | D:1      | Reached XP level 1. HP: 16/16 MP: 1/1
   198 | D:1      | Reached XP level 2. HP: 20/21 MP: 2/2
   588 | D:1      | Reached XP level 3. HP: 24/26 MP: 3/3
  1071 | D:2      | Noticed Natasha
  1075 | D:2      | Killed Natasha
  1129 | D:2      | Reached XP level 4. HP: 20/31 MP: 4/4
  1590 | D:2      | Noticed Natasha
  1598 | D:2      | Killed Natasha
  1670 | D:2      | Noticed Natasha
  1680 | D:2      | Killed Natasha
  1680 | D:2      | Reached XP level 5. HP: 11/36 MP: 5/5
  3153 | D:4      | Killed from afar by an orc priest

Skill      XL: |  1  2  3  4 |
---------------+-------------+-----
Unarmed Combat | 3 4 |  4.7
Dodging        | 4 |  4.6
Fighting       | |  3.0
Shields        | |  3.0

Action                   |  1- 3 |  4- 6 || total
-------------------------+-------+-------++-------
Melee: Unarmed           |    56 |    65 ||   121
       Constrict         |    20 |    19 ||    39
       Tentacles         |    11 |    16 ||    27
       Punch             |       |     2 ||     2
 Stab: Sleeping          |     6 |     3 ||     9
  Eat: Chunk             |       |     6 ||     6
Armor: Skin              |     1 |     2 ||     3
Dodge: Dodged            |    22 |    71 ||    93
